 Dungeon Crawl Stone Soup version 0.31.0-1-g2c135a0 (webtiles) character file.

Game seed: 1702176858077087491

24 Jonnyslop the Ruffian (level 2, -4/21 HPs)
             Began as a Demonspawn Shapeshifter on Apr 1, 2024.
             Was an Initiate of Yredelemnul.
             Slain by a ribbon worm (8 damage)
             ... on level 2 of the Dungeon on Apr 5, 2024.
             The game lasted 00:03:09 (1257 turns).

Jonnyslop the Ruffian (Demonspawn Shapeshifter)     Turns: 1257, Time: 00:03:10

Health: -4/21      AC:  2    Str: 14    XL:     2   Next: 79%
Magic:  2/2        EV: 12    Int: 10    God:    Yredelemnul [......]
Gold:   58         SH:  0    Dex: 12    Spells: 1/1 levels left

rFire   . .          .
                       - Unarmed
rCold   . . .        (no shield)
rNeg    . . .        a - +0 animal skin
rPois   .            (helmet currently unavailable)
rElec   .            (cloak currently unavailable)
rCorr   .            (gloves currently unavailable)
SInv    .            (boots currently unavailable)
Will    .....        (no amulet)
Stlth   +            (no ring)
HPRegen 0.23/turn    (no ring)
MPRegen 0.08/turn

%: no passive effects
@: beast-form
A: beast (slay +1), ignite blood 1
a: Begin Untransformation, Renounce Religion, Recall Undead Harvest


You were on level 2 of the Dungeon.
You worshipped Yredelemnul.
Yredelemnul was noncommittal.
You were a hulking beast.
You visited 1 branch of the dungeon, and saw 2 of its levels.

You collected 58 gold pieces.

Inventory:

Armour
 a - a +0 animal skin (worn)
Talismans
 c - a beast talisman (active)
 d - a flux talisman
Scrolls
 e - a scroll of amnesia {unknown}
 f - 2 scrolls of identify {unknown}
 g - a scroll of blinking {unknown}
Potions
 b - a potion of lignification
 h - a potion of mutation {unknown}
 i - a potion of curing {unknown}


   Skills:
 + Level 1.5 Fighting
 - Level 1.7 Dodging
 * Level 3.2 Unarmed Combat
 + Level 2.9 Shapeshifting


You had one spell level left.
You didn't know any spells.
Your spell library was empty.

Dungeon Overview and Level Annotations

Branches:
Dungeon (2/15)

Altars:
Yredelemnul


Innate Abilities, Weirdness & Mutations

You are a hulking beast.
Your limbs bulge with bestial killing power. (Slay +1)
Your demonic aura sometimes causes spilled blood to erupt in flames.


Message History

The ribbon worm expels a string of sticky webbing.
The stream of webbing hits you but does no damage.
You are caught in a web!
You struggle to detach yourself from the web.
The ribbon worm barely misses you.
You struggle to detach yourself from the web.
The ribbon worm bites you.
The web tears apart.
The dart slug launches a dart at you. The slug dart hits you.
* * * LOW HITPOINT WARNING * * *
You hit the ribbon worm.
The ribbon worm is lightly wounded.
The ribbon worm completely misses you.
The ribbon worm expels a string of sticky webbing.
The stream of webbing hits you but does no damage.
You are caught in a web!
There is a web here.
The web tears apart.
The ribbon worm closely misses you. The dart slug launches a dart at you.
The slug dart misses you.
The ribbon worm expels a string of sticky webbing.
The stream of webbing hits you but does no damage.
You are caught in a web!
There is a web here.
You struggle to detach yourself from the web.
The web tears apart.
You punch the ribbon worm!
The ribbon worm is heavily wounded.
The ribbon worm bites you.
* * * LOW HITPOINT WARNING * * *
You hit the ribbon worm.
The ribbon worm is heavily wounded.
The ribbon worm bites you.
* * * LOW HITPOINT WARNING * * *
You hit the ribbon worm.
The ribbon worm is almost dead.
The ribbon worm bites you!
You die...
Your body rises from the dead as a mindless zombie.

##### .. ...#
...#####.#######
≈≈..~..#.wh....#
~~≈≈≈~.w######....
...##~≈≈..........
.........######
....#####...### ...
###...### .. #
###...## .
.#.##########..#
.............#.####


You could see a ribbon worm and a dart slug.

Vanquished Creatures
  2 giant cockroaches (D:1)
  2 goblins (D:1)
  3 hobgoblins (D:1)
  A quokka (D:1)
  4 ball pythons (D:1)
  4 bats (D:1)
  2 frilled lizards (D:1)
  5 kobolds
  A rat (D:1)
24 creatures vanquished.

Notes
Turn   | Place    | Note
-------+----------+-------------------------------------------
     0 | D:1      | Jonnyslop the Demonspawn Shapeshifter began the quest for
                  | the Orb.
     0 | D:1      | Reached XP level 1. HP: 15/15 MP: 1/1
   220 | D:1      | Reached skill level 3 in Unarmed Combat
   264 | D:1      | Gained mutation: Your demonic aura sometimes causes spilled
                  | blood to erupt in flames. [demonic ancestry]
   264 | D:1      | Reached XP level 2. HP: 17/21 MP: 2/2
   892 | D:1      | Found a faded altar of an unknown god.
  1055 | D:1      | Prayed at the altar of an unknown god.
  1055 | D:1      | Became a worshipper of Yredelemnul the Dark
  1055 | D:1      | Reached * piety under Yredelemnul
  1257 | D:2      | Slain by a ribbon worm

Illustrated notes

Levels and vault maps discovered:
D:1:      evilmike_arrival_fibonacci_small, layout_basic,
          hellmonk_ecumenical_altar_run_dry, minmay_misc_feat_secret_circle,
          chequers_serial_rivers_micro_c
D:2:      layout_rooms, chequers_serial_rivers_small_a

Skill      XL: |  1 |
---------------+----+-----
Unarmed Combat | 3 |  3.2
Fighting       | |  1.5
Dodging        | |  1.7
Shapeshifting  | |  2.9

Action                     || total
---------------------------++-------
  Melee: Unarmed           ||    77
         Punch             ||     2
   Stab: Sleeping          ||     1
 Armour: Animal skin       ||    54
  Dodge: Dodged            ||    53
   Form: Beast             ||     1
